[Event "Titled Tuesday Blitz August 15 Early 2023"]
[White "FromTexas54"]
[Black "Okike, David"]
[BlackFideId "8500134"]
[WhiteElo "2501"]
[BlackElo "2343"]
[Result "1-0"]
[Round "5"]
[TimeControl "180+1"]
[Date "2023.08.15"]
[WhiteClock "0:00:04"]
[BlackClock "0:00:26"]
[Board "151"]

1. Nf3 Nf6 2. g3 g6 3. Bg2 Bg7 4. O-O O-O 5. d4 d6 6. b3 a5 7. Bb2 a4 8. c4 Nc6 9. d5 Nb8 10. Nd4 Nbd7 11. b4 Nb6 12. Qc2 Nfd7 13. a3 Nf6 14. Rd1 Bg4 15. h3 Bd7 16. e4 Ne8 17. c5 Nc8 18. c6 bxc6 19. dxc6 Be6 20. Nxe6 fxe6 21. Bxg7 Nxg7 22. Nc3 Nb6 23. Rd4 Qe8 24. b5 Qf7 25. Rf1 e5 26. Rb4 Nc4 27. Nxa4 Nxa3 28. Qd3 Qa2 29. Rc1 Nxb5 30. Qxb5 Rfb8 31. Qxb8+ Rxb8 32. Rxb8+ Kf7 33. Nc3 Qa6 34. Nd5 Ne6 35. Rb7 Qa5 36. h4 Qd2 37. Rbb1 Nd4 38. Rd1 Qa5 39. Rb7 e6 40. Nxc7 Nxc6 41. Nd5+ Kf8 42. Nf6 Nd8 43. Rd7 d5 44. exd5 exd5 45. R1xd5 Nf7 46. Nxh7+ Kg7 47. Ng5 Qe1+ 48. Kh2 Kg8 49. Rxf7 Qa5 50. Rdd7 Qb6 51. Rg7+ Kf8 52. Rdf7+ Ke8 53. Rg8# 1-0


[Site "https://www.chess.com"]

[Event "Titled Tuesday Blitz August 15 Early 2023"]
[White "Martinez Reyes, Pedro Ramon"]
[Black "Li, Hui"]
[WhiteFideId "3901807"]
[BlackFideId "15400310"]
[WhiteElo "2499"]
[BlackElo "2346"]
[Result "1-0"]
[Round "5"]
[TimeControl "180+1"]
[Date "2023.08.15"]
[WhiteClock "0:01:41"]
[BlackClock "0:00:01"]
[Board "152"]

1. d4 d5 2. Nc3 Nf6 3. Bg5 c5 4. Bxf6 gxf6 5. dxc5 e6 6. Nf3 Bxc5 7. Qd2 Nc6 8. O-O-O f5 9. e3 Qe7 10. h3 Bd7 11. g4 fxg4 12. hxg4 O-O-O 13. Bd3 h6 14. Kb1 Kb8 15. a3 Rc8 16. Ne2 Bb6 17. Nf4 Na5 18. Qb4 Qxb4 19. axb4 Nc4 20. Bxc4 Rxc4 21. Ne5 Rc7 22. g5 Ba4 23. b3 Bb5 24. Rxh6 Rhc8 25. Rd2 a5 26. Rh7 axb4 27. Rxf7 Bc5 28. Rxc7 Rxc7 29. Nxe6 Rc8 30. Nxc5 Rxc5 31. g6 Rc8 32. Rxd5 1-0


[Site "https://www.chess.com"]

[Event "Titled Tuesday Blitz August 15 Early 2023"]
[White "Delorme, Axel"]
[Black "Smietanska, Wiktoria"]
[WhiteFideId "632023"]
[BlackFideId "21869359"]
[WhiteElo "2487"]
[BlackElo "2279"]
[Result "1-0"]
[Round "5"]
[TimeControl "180+1"]
[Date "2023.08.15"]
[WhiteClock "0:00:12"]
[BlackClock "0:00:38"]
[Board "153"]

1. e4 c5 2. Nf3 d6 3. Bb5+ Nd7 4. Ba4 Nf6 5. O-O Nxe4 6. Re1 Nf6 7. d4 cxd4 8. Nxd4 e6 9. Nb5 d5 10. Bf4 e5 11. Nc7+ Qxc7 12. Bxe5 Qc4 13. Bxf6+ Be7 14. Rxe7+ Kf8 15. Qe1 gxf6 16. Bxd7 Bxd7 17. Rxd7 Re8 18. Qf1 Qb4 19. Nc3 Qxb2 20. Nxd5 Kg7 21. Ne3 Rhg8 22. Rb1 Qxa2 23. Rbxb7 Rb8 24. Rxa7 Qe6 25. Rxf7+ Qxf7 26. Rxf7+ Kxf7 27. g3 Rbd8 28. Qc4+ Kg6 29. Kg2 Rd2 30. Qe4+ Kf7 31. h4 Rgd8 32. Qxh7+ Kf8 33. Nf5 R8d7 34. Qh6+ Kf7 35. h5 Re2 36. Qg6+ Ke6 37. Qe8+ Kxf5 38. Qxe2 Kg5 39. f4+ Kh6 40. Qg4 Rg7 41. Qxg7+ Kxg7 42. c4 f5 43. c5 Kf7 44. c6 Ke7 45. h6 Kd6 46. h7 Kxc6 47. h8=Q 1-0


[Site "https://www.chess.com"]

[Event "Titled Tuesday Blitz August 15 Early 2023"]
[White "Ouellet, Maili-Jade"]
[Black "Karavade, Eesha"]
[WhiteFideId "2620472"]
[BlackFideId "5012600"]
[WhiteElo "2290"]
[BlackElo "2467"]
[Result "1/2-1/2"]
[Round "5"]
[TimeControl "180+1"]
[Date "2023.08.15"]
[WhiteClock "0:00:04"]
[BlackClock "0:00:12"]
[Board "154"]

1. e4 c5 2. Nf3 d6 3. d4 cxd4 4. Nxd4 Nf6 5. Nc3 a6 6. Be3 e5 7. Nb3 Be6 8. f3 h5 9. Qd2 Nbd7 10. O-O-O Qc7 11. Nd5 Nxd5 12. exd5 Bf5 13. Bd3 Bxd3 14. Qxd3 g6 15. h4 Bg7 16. Kb1 Rc8 17. c3 Qc4 18. Qxc4 Rxc4 19. Na5 Rc7 20. Rd2 f5 21. Bg5 Bh6 22. Bxh6 Rxh6 23. Re1 Kf7 24. b3 Rh8 25. Kb2 Re8 26. a4 Nf6 27. b4 Rec8 28. c4 b5 29. axb5 axb5 30. cxb5 Rb8 31. Nc6 Rxb5 32. Red1 Nxd5 33. Nd8+ Ke7 34. Rxd5 Rxb4+ 35. Ka3 Rb8 36. Ra5 Rxd8 37. Ra6 Ke6 38. Ka4 Rcd7 39. Kb5 Kf7 40. Rd5 Rb7+ 41. Kc6 Rb2 42. Kc7 Rdb8 43. Rdxd6 R2b7+ 44. Kc6 Rb2 45. Kd5 Rd2+ 46. Kxe5 Rxd6 47. Rxd6 Rb5+ 48. Kf4 Rb2 49. g3 Rg2 50. Rb6 Kg7 51. Rb3 Rc2 52. Kg5 Rg2 53. Rb7+ Kf8 54. Kxg6 Rxg3+ 55. Kf6 Kg8 56. f4 Rg4 57. Kxf5 Rxh4 58. Rc7 Rg4 59. Rc6 Rg1 60. Rh6 Rh1 61. Kg5 h4 62. Rxh4 Rg1+ 63. Kf6 Ra1 64. f5 Ra6+ 65. Kg5 Kg7 66. Rb4 Ra5 67. Rb7+ Kf8 68. Kg6 Ra1 69. Rh7 Rg1+ 70. Kf6 Kg8 71. Ra7 Rf1 72. Ra8+ Kh7 73. Ke6 Kg7 74. Ra7+ Kf8 75. Kf6 Kg8 76. Ra8+ Kh7 77. Rf8 Ra1 78. Kg5 Rg1+ 79. Kf6 Ra1 80. Rf7+ Kg8 81. Rb7 Ra6+ 82. Kg5 Ra1 83. Rc7 Rg1+ 84. Kf6 Rf1 85. Rc8+ Kh7 86. Ke6 Kg7 87. Rc7+ Kf8 88. Kf6 Kg8 89. Ra7 Rf2 90. Ra8+ Kh7 91. Ra7+ Kg8 92. Rb7 Rf1 93. Rg7+ Kf8 94. Rf7+ Kg8 95. Re7 Rf2 96. Ke6 Re2+ 97. Kf6 Rf2 98. Re8+ Kh7 99. Rd8 Rf1 100. Ke6 Kg7 101. Rd7+ Kg8 102. Kf6 Rf2 103. Rc7 Rf1 1/2-1/2


[Site "https://www.chess.com"]

[Event "Titled Tuesday Blitz August 15 Early 2023"]
[White "Dong Khanh Linh"]
[Black "agvania123"]
[WhiteFideId "12403040"]
[WhiteElo "2460"]
[BlackElo "2249"]
[Result "0-1"]
[Round "5"]
[TimeControl "180+1"]
[Date "2023.08.15"]
[WhiteClock "0:00:10"]
[BlackClock "0:00:56"]
[Board "155"]

1. d4 Nf6 2. Nf3 g6 3. Nbd2 d5 4. e3 Bg7 5. b4 O-O 6. c4 c6 7. Be2 Bg4 8. a4 Bxf3 9. Nxf3 Nbd7 10. O-O Ne4 11. Bb2 a6 12. Qb3 dxc4 13. Bxc4 Nd6 14. Bd3 Re8 15. Rfd1 e5 16. dxe5 Nxe5 17. Nxe5 Bxe5 18. Bxe5 Rxe5 19. Bc4 Qe7 20. Rd4 Nxc4 21. Qxc4 Rd8 22. Rad1 Rxd4 23. Rxd4 Rd5 24. Rxd5 cxd5 25. Qd4 Qe4 26. Qxe4 dxe4 27. f3 exf3 28. gxf3 f5 29. Kf2 Kf7 30. Ke2 Ke6 31. Kd3 Kd5 32. Kc3 h6 33. Kd3 g5 34. h3 h5 35. b5 axb5 36. axb5 b6 37. e4+ fxe4+ 38. fxe4+ Ke5 39. Ke3 g4 40. h4 g3 41. Kf3 g2 42. Kxg2 Kxe4 43. Kf2 Kf4 44. Ke2 Kg4 45. Ke3 Kxh4 46. Kd4 Kg3 47. Kd5 h4 48. Kc6 h3 49. Kxb6 h2 50. Ka7 h1=Q 51. b6 Qa1+ 52. Kb8 Kf4 53. b7 Ke5 54. Kc8 Qc3+ 55. Kd8 Qb4 56. Kc7 Qc5+ 57. Kd7 Qb6 58. Kc8 Qc6+ 59. Kb8 Kd6 60. Ka7 Qa4+ 61. Kb6 Qb4+ 62. Ka7 Kc7 0-1


[Site "https://www.chess.com"]

[Event "Titled Tuesday Blitz August 15 Early 2023"]
[White "MrAnnihilation"]
[Black "Azhar, Puteri Munajjah Az-Zahraa"]
[BlackFideId "5709040"]
[WhiteElo "2454"]
[BlackElo "2185"]
[Result "0-1"]
[Round "5"]
[TimeControl "180+1"]
[Date "2023.08.15"]
[WhiteClock "0:00:19"]
[BlackClock "0:01:10"]
[Board "156"]

1. d4 Nf6 2. Bf4 d6 3. e3 g6 4. Bd3 Bg7 5. h4 Nbd7 6. Nf3 c6 7. Nbd2 Qc7 8. Bh2 h5 9. O-O e5 10. c3 O-O 11. Qc2 Ng4 12. Bg3 f5 13. Ng5 Ndf6 14. dxe5 dxe5 15. Bc4+ Kh8 16. Ndf3 Nd5 17. Rad1 Ngxe3 18. fxe3 Nxe3 19. Qe2 f4 20. Nf7+ Rxf7 21. Bxf7 Bg4 22. Bxg6 Nxf1 23. Qxf1 fxg3 24. Re1 Rf8 25. Qd3 Qb6+ 26. Kh1 Bxf3 27. gxf3 Qf2 28. Qe2 g2+ 29. Kh2 g1=Q+ 0-1


[Site "https://www.chess.com"]

[Event "Titled Tuesday Blitz August 15 Early 2023"]
[White "Kula, Robert"]
[Black "slidingknight2775"]
[WhiteFideId "1101218"]
[WhiteElo "2249"]
[BlackElo "2453"]
[Result "0-1"]
[Round "5"]
[TimeControl "180+1"]
[Date "2023.08.15"]
[WhiteClock "0:00:00"]
[BlackClock "0:00:02"]
[Board "157"]

1. d4 Nf6 2. c4 e6 3. Nc3 Bb4 4. Nf3 b6 5. e3 Bb7 6. Bd3 O-O 7. O-O d5 8. a3 Bxc3 9. bxc3 dxc4 10. Bxc4 c5 11. a4 Qc7 12. h3 cxd4 13. Qxd4 Rd8 14. Qh4 Ba6 15. Bxa6 Nxa6 16. c4 Nc5 17. Bb2 Nce4 18. Rfc1 Rac8 19. Bd4 h6 20. a5 Re8 21. axb6 axb6 22. Be5 Qc6 23. Rab1 Red8 24. Bd4 Rb8 25. Rb5 Rdc8 26. Ne5 Qxb5 27. cxb5 Rxc1+ 28. Kh2 Kh7 29. Nxf7 Rf8 30. Bxf6 Nxf6 31. Ng5+ Kg8 32. Nxe6 Rf7 33. f3 Re7 34. Nd4 Rxe3 35. Qf4 Ree1 36. Qf5 Rh1+ 37. Kg3 Rhd1 38. Ne6 Rd5 39. Qg6 Nh5+ 40. Kh2 Re1 41. Qe8+ Kh7 42. Nf8+ Kg8 43. Qxe1 Kxf8 44. Qe6 Nf6 45. Qc8+ Kf7 46. Qc7+ Kg6 47. Qxb6 Kh7 48. Qc6 Rd2 49. b6 Rb2 50. b7 h5 51. Qc8 h4 52. b8=Q Nh5 53. Qf5+ g6 54. Qc7+ Kh6 0-1


[Site "https://www.chess.com"]

[Event "Titled Tuesday Blitz August 15 Early 2023"]
[White "Akylbekov, Nasyr"]
[Black "Vila Dupla, Aurelio"]
[WhiteFideId "13800353"]
[BlackFideId "2203383"]
[WhiteElo "2436"]
[BlackElo "2112"]
[Result "1/2-1/2"]
[Round "5"]
[TimeControl "180+1"]
[Date "2023.08.15"]
[WhiteClock "0:00:11"]
[BlackClock "0:00:40"]
[Board "158"]

1. e4 c5 2. Nf3 d6 3. Nc3 Nc6 4. d4 cxd4 5. Nxd4 g6 6. Be3 Bg7 7. Qd2 Nf6 8. h3 Nxd4 9. Bxd4 O-O 10. O-O-O Be6 11. g4 Qa5 12. a3 Rfc8 13. f3 Bc4 14. Kb1 Bxf1 15. Rhxf1 Rc4 16. Bxf6 Bxf6 17. Nd5 Qxd2 18. Nxf6+ Kg7 19. Nh5+ gxh5 20. Rxd2 hxg4 21. hxg4 h5 22. gxh5 Rh8 23. Rg1+ Kf6 24. Rd5 Rc5 25. Rgg5 Rxd5 26. Rxd5 Rg8 27. Rf5+ Ke6 28. b4 Rg1+ 29. Kb2 Rh1 30. a4 f6 31. a5 1/2-1/2


[Site "https://www.chess.com"]

[Event "Titled Tuesday Blitz August 15 Early 2023"]
[White "Vaishali, Rameshbabu"]
[Black "Rian, Kapriaga"]
[WhiteFideId "5091756"]
[BlackFideId "7103263"]
[WhiteElo "2638"]
[BlackElo "2333"]
[Result "1-0"]
[Round "5"]
[TimeControl "180+1"]
[Date "2023.08.15"]
[WhiteClock "0:01:09"]
[BlackClock "0:01:01"]
[Board "159"]

1. Nf3 Nf6 2. g3 b6 3. Bg2 Bb7 4. O-O e6 5. c4 c5 6. Nc3 Be7 7. Re1 O-O 8. e4 d6 9. d4 cxd4 10. Nxd4 a6 11. b3 Ra7 12. Bb2 Nbd7 13. Qe2 Qa8 14. Rad1 Re8 15. h3 Bf8 16. Kh2 g6 17. f4 Nc5 18. e5 dxe5 19. fxe5 Bxg2 20. Qxg2 Qxg2+ 21. Kxg2 Nh5 22. b4 Nd7 23. Nc6 Rc7 24. b5 a5 25. Ne4 Ng7 26. Rxd7 Rxd7 27. Nf6+ Kh8 28. Nxd7 Be7 29. g4 1-0


[Site "https://www.chess.com"]

[Event "Titled Tuesday Blitz August 15 Early 2023"]
[White "Bashirli, Saadat"]
[Black "Radzhabov, Rodion"]
[WhiteFideId "13429990"]
[BlackFideId "884715"]
[WhiteElo "2332"]
[BlackElo "2604"]
[Result "1-0"]
[Round "5"]
[TimeControl "180+1"]
[Date "2023.08.15"]
[WhiteClock "0:01:51"]
[BlackClock "0:00:41"]
[Board "160"]

1. d4 Nf6 2. e3 c5 3. c3 b6 4. Bd3 Bb7 5. Nf3 e6 6. O-O Be7 7. Nbd2 d5 8. Qe2 O-O 9. b3 Ne4 10. Bb2 f5 11. Ne5 Nd7 12. Nxd7 Qxd7 13. f3 Nxd2 14. Qxd2 Bd6 15. Rae1 e5 16. e4 fxe4 17. fxe4 dxe4 18. Bc4+ Kh8 19. dxe5 e3 20. Qxd6 Qg4 21. Rxf8+ Rxf8 22. Qxf8# 1-0


[Site "https://www.chess.com"]

[Event "Titled Tuesday Blitz August 15 Early 2023"]
[White "Gatterer, Florian"]
[Black "Deng, Henry"]
[WhiteFideId "811688"]
[BlackFideId "30965454"]
[WhiteElo "2332"]
[BlackElo "2563"]
[Result "1/2-1/2"]
[Round "5"]
[TimeControl "180+1"]
[Date "2023.08.15"]
[WhiteClock "0:00:32"]
[BlackClock "0:00:33"]
[Board "161"]

1. f4 d5 2. Nf3 g6 3. g3 Bg7 4. Bg2 Nf6 5. O-O O-O 6. d3 b6 7. Nc3 Bb7 8. Ne5 Nbd7 9. Nxd7 Qxd7 10. e4 dxe4 11. dxe4 Rad8 12. Qe2 e6 13. Kh1 c5 14. Be3 h5 15. Rad1 Qe7 16. Rxd8 Rxd8 17. Rd1 Ng4 18. Bg1 a6 19. h3 Nf6 20. Rxd8+ Qxd8 21. e5 Bxg2+ 22. Qxg2 Nd5 23. Nxd5 Qxd5 24. Qxd5 exd5 25. c3 f6 26. exf6 Bxf6 27. Kg2 Kf7 28. Kf3 Ke6 29. g4 hxg4+ 30. hxg4 Be7 31. Bf2 b5 32. b3 c4 33. bxc4 dxc4 34. Ke4 Bf6 35. Bd4 1/2-1/2


[Site "https://www.chess.com"]

[Event "Titled Tuesday Blitz August 15 Early 2023"]
[White "Karamsetty, Jeevan"]
[Black "Bogaudinov, Rushan"]
[WhiteFideId "2025337"]
[BlackFideId "4129288"]
[WhiteElo "2531"]
[BlackElo "2330"]
[Result "1-0"]
[Round "5"]
[TimeControl "180+1"]
[Date "2023.08.15"]
[WhiteClock "0:00:08"]
[BlackClock "0:00:00"]
[Board "162"]

1. e4 c5 2. Nf3 e6 3. d4 cxd4 4. Nxd4 a6 5. Bd3 Qc7 6. O-O b5 7. Kh1 Bb7 8. Nc3 h5 9. a3 h4 10. h3 Nf6 11. Bg5 Be7 12. Qe2 Nc6 13. Nxc6 dxc6 14. f4 Nh5 15. Qg4 Ng3+ 16. Kh2 Nxf1+ 17. Rxf1 Bxg5 18. Qxg5 g6 19. e5 Qe7 20. Qg4 O-O-O 21. Ne4 c5 22. Nd6+ Rxd6 23. exd6 Qxd6 24. Qe2 g5 25. Qe5 Qxe5 26. fxe5 c4 27. Be2 Rh7 28. b3 cxb3 29. cxb3 Bd5 30. a4 bxa4 31. Bxa6+ Kc7 32. bxa4 Kb6 33. Bd3 Rg7 34. Bb5 Kc5 35. Be8 g4 36. hxg4 Rxg4 37. Rf2 Kd4 38. Bxf7 Kxe5 39. Be8 Rg3 40. Bb5 Kd6 41. a5 Ra3 42. a6 e5 43. Bf1 e4 44. Rf4 e3 45. Rxh4 Ra1 46. Bd3 Kc5 47. Kg3 Ra3 48. Be2 Ra2 49. Bf3 e2 50. Rh1 Bc4 51. Re1 Kd4 52. a7 Rxa7 53. Bxe2 Re7 54. Kf2 Rf7+ 55. Bf3 Bd3 56. Re6 Rd7 57. Re1 Ra7 58. g4 Ra2+ 59. Kg3 Ra3 60. Kf4 Ra5 61. Re8 Bb5 62. Rd8+ Kc5 63. g5 Ra4+ 64. Ke5 Ra3 65. Be4 Rg3 66. g6 Bc4 67. Kf6 Rg4 68. Bf5 Rg1 69. g7 Kc6 70. Rc8+ Kb5 71. Rd8 Kc5 72. Rd7 Kc6 73. Re7 Kd6 74. Re3 Bd5 75. Bg6 Rf1+ 76. Kg5 Rg1+ 77. Kh6 Rh1+ 78. Kg5 Rg1+ 79. Kf6 Rf1+ 80. Bf5 Rg1 81. Re8 Kc7 82. Be6 Bxe6 83. Rxe6 Rf1+ 84. Ke7 Rg1 85. Kf8 Rf1+ 86. Ke7 Rg1 87. Kf7 Kd7 88. Rf6 Kd8 89. g8=Q+ Rxg8 90. Kxg8 Ke7 91. Kg7 1-0


[Site "https://www.chess.com"]

[Event "Titled Tuesday Blitz August 15 Early 2023"]
[White "Iunusovnuriddin"]
[Black "Ismayil, Malak"]
[BlackFideId "13412604"]
[WhiteElo "2324"]
[BlackElo "2529"]
[Result "0-1"]
[Round "5"]
[TimeControl "180+1"]
[Date "2023.08.15"]
[WhiteClock "0:00:35"]
[BlackClock "0:02:09"]
[Board "163"]

1. e4 e5 2. Nf3 Nc6 3. Nc3 Nf6 4. Bb5 d6 5. d4 exd4 6. Nxd4 Bd7 7. O-O Be7 8. Nxc6 bxc6 9. Be2 O-O 10. f4 Be6 11. Bf3 Rb8 12. b3 h6 13. Be3 a5 14. Qd3 Re8 15. h3 Bf8 16. Rad1 Qc8 17. e5 dxe5 18. fxe5 Nd7 19. Qe4 Rb4 20. Rd4 c5 21. Rxb4 cxb4 22. Nd5 Bxd5 23. Qxd5 Rxe5 24. Qd2 Rxe3 0-1


[Site "https://www.chess.com"]

[Event "Titled Tuesday Blitz August 15 Early 2023"]
[White "Jahnz, Fabian"]
[Black "Arutla, Aditya"]
[WhiteFideId "4653300"]
[BlackFideId "30961998"]
[WhiteElo "2321"]
[BlackElo "2515"]
[Result "1-0"]
[Round "5"]
[TimeControl "180+1"]
[Date "2023.08.15"]
[WhiteClock "0:00:43"]
[BlackClock "0:00:06"]
[Board "164"]

1. e4 c5 2. Nf3 Nc6 3. d4 cxd4 4. Nxd4 Nf6 5. Nc3 e5 6. Nxc6 bxc6 7. Be3 Bb4 8. Bd3 O-O 9. O-O d5 10. exd5 cxd5 11. Bd2 Be6 12. a3 Bd6 13. Re1 e4 14. Bf1 Bxh2+ 15. Kxh2 Ng4+ 16. Kg3 h5 17. Nxe4 dxe4 18. Rxe4 h4+ 19. Kf3 Bd5 20. Bf4 Bxe4+ 21. Kxg4 Qc8+ 22. Kxh4 Qf5 23. Qg4 Qh7+ 24. Kg3 Bf5 25. Bd3 Bxd3 26. cxd3 Qxd3+ 27. f3 f5 28. Qh5 Rf6 29. Rh1 Rh6 30. Bxh6 gxh6 31. Qg6+ Kf8 32. Qxh6+ 1-0


[Site "https://www.chess.com"]

[Event "Titled Tuesday Blitz August 15 Early 2023"]
[White "Samaganova, Aleksandra"]
[Black "Toropov, Pavel"]
[WhiteFideId "13800221"]
[BlackFideId "24129178"]
[WhiteElo "2317"]
[BlackElo "2508"]
[Result "0-1"]
[Round "5"]
[TimeControl "180+1"]
[Date "2023.08.15"]
[WhiteClock "0:00:03"]
[BlackClock "0:00:05"]
[Board "165"]

1. c4 b6 2. Nc3 Bb7 3. Nf3 g6 4. e3 Bg7 5. d4 e6 6. Be2 Ne7 7. O-O d6 8. e4 Nd7 9. Be3 O-O 10. Qd2 e5 11. Rad1 Nc6 12. d5 Ne7 13. Bh6 a5 14. Bxg7 Kxg7 15. Ne1 f5 16. f4 exf4 17. Qxf4 Ne5 18. Qh4 h6 19. Nf3 f4 20. Nd4 Bc8 21. Rxf4 g5 22. Rxf8 Qxf8 23. Qg3 N7g6 24. Rf1 Qe7 25. Nf5+ Bxf5 26. exf5 Rf8 27. fxg6 Rxf1+ 28. Bxf1 Nxg6 29. Ne2 Qe4 30. Qc3+ Kh7 31. Ng3 Qb1 32. Nh5 Ne5 33. Nf6+ Kg6 34. Ne8 Kf7 35. Nxc7 Qxa2 36. Ne6 Ke7 37. Qh3 Qxb2 38. Qxh6 Ng4 39. Qxg5+ Kd7 40. Qxg4 a4 41. Qg7+ Qxg7 42. Nxg7 a3 43. c5 a2 44. c6+ Kc8 45. c7 Kxc7 46. Ne6+ Kd7 47. Nd4 a1=Q 48. h4 Qxd4+ 49. Kh1 Qxd5 50. h5 0-1


[Site "https://www.chess.com"]

[Event "Titled Tuesday Blitz August 15 Early 2023"]
[White "Blokhin, Sofia"]
[Black "Reprintsev, Alexander"]
[WhiteFideId "4508190"]
[BlackFideId "14100541"]
[WhiteElo "2297"]
[BlackElo "2487"]
[Result "0-1"]
[Round "5"]
[TimeControl "180+1"]
[Date "2023.08.15"]
[WhiteClock "0:00:11"]
[BlackClock "0:00:25"]
[Board "166"]

1. d4 d5 2. c4 e5 3. dxe5 d4 4. a3 Nc6 5. Nf3 g6 6. e3 Bg4 7. Be2 Bxf3 8. Bxf3 Nge7 9. exd4 Qxd4 10. O-O Bg7 11. Nc3 O-O-O 12. Bg5 Qxc4 13. Qc1 Rhe8 14. Rd1 Rxd1+ 15. Qxd1 Bxe5 16. Rc1 Rd8 17. Qe1 f6 18. Be3 Bxc3 19. Rxc3 Qe6 20. h3 Nd4 21. Bd1 Nd5 22. Rd3 Nxe3 23. Rxe3 Qd6 24. Bg4+ f5 25. Bf3 Nxf3+ 26. Rxf3 Qd1 27. Qxd1 Rxd1+ 28. Kh2 Rd2 29. Re3 Rxb2 30. Re7 Rxf2 31. Rxh7 c5 32. Rg7 c4 33. Rxg6 c3 34. Rg3 c2 35. Rc3+ Kd7 36. Kg3 Rd2 37. Kf3 Ke6 38. g4 Rd3+ 39. Rxd3 c1=Q 0-1


[Site "https://www.chess.com"]

[Event "Titled Tuesday Blitz August 15 Early 2023"]
[White "LeoLV10"]
[Black "Ai, Evan"]
[BlackFideId "2094770"]
[WhiteElo "2483"]
[BlackElo "2295"]
[Result "1-0"]
[Round "5"]
[TimeControl "180+1"]
[Date "2023.08.15"]
[WhiteClock "0:01:22"]
[BlackClock "0:00:20"]
[Board "167"]

1. e4 e5 2. Nf3 Nc6 3. Bb5 a6 4. Ba4 Nf6 5. O-O Be7 6. Re1 b5 7. Bb3 O-O 8. c3 d5 9. exd5 Nxd5 10. Nxe5 Nxe5 11. Rxe5 c6 12. d4 Bd6 13. Re4 f5 14. Re1 Qh4 15. g3 Qh3 16. Qf3 Bb7 17. Bxd5+ cxd5 18. Bf4 Rae8 19. Nd2 Bxf4 20. Qxf4 Qh5 21. Kg2 Qf7 22. Nf3 Re4 23. Qd6 Rfe8 24. Ne5 Qf6 25. Qxf6 gxf6 26. Nd3 Bc8 27. f3 Re2+ 28. Kf1 Rxe1+ 29. Rxe1 Rxe1+ 30. Kxe1 Kf7 31. Kf2 Ke6 32. Ke3 Kd6 33. b4 Bd7 1-0


[Site "https://www.chess.com"]

[Event "Titled Tuesday Blitz August 15 Early 2023"]
[White "Shubenkova, Veronika"]
[Black "Preobrazhenska_D2011"]
[WhiteFideId "44124040"]
[WhiteElo "2480"]
[BlackElo "2294"]
[Result "1-0"]
[Round "5"]
[TimeControl "180+1"]
[Date "2023.08.15"]
[WhiteClock "0:01:05"]
[BlackClock "0:00:00"]
[Board "168"]

1. c4 e5 2. Nc3 Nf6 3. g3 d5 4. cxd5 Nxd5 5. Bg2 Nb6 6. e3 Be7 7. Nge2 O-O 8. d3 N8d7 9. O-O Nc5 10. d4 exd4 11. exd4 Ne6 12. d5 Nc5 13. b4 Ncd7 14. a3 a5 15. b5 Nf6 16. Be3 Nc4 17. Bd4 Bf5 18. a4 Bb4 19. h3 Bd6 20. g4 Bg6 21. f4 h6 22. f5 Bh7 23. Qd3 Ne5 24. Qd2 Re8 25. Rae1 Nc4 26. Qd3 Ne5 27. Qc2 Qd7 28. Ne4 Nxd5 29. N2g3 Nb4 30. Qc3 Nbd3 31. Re3 Bb4 32. Qa1 Rad8 33. Bxe5 Nxe5 34. f6 g6 35. Kh1 Re6 36. Re2 Qd3 37. Qc1 Qb3 38. Qxh6 Bf8 39. Qh4 Qc4 40. Ng5 1-0


[Site "https://www.chess.com"]

[Event "Titled Tuesday Blitz August 15 Early 2023"]
[White "Konenkin, Dmitry"]
[Black "djathtaspogradec"]
[WhiteFideId "4185781"]
[WhiteElo "2285"]
[BlackElo "2480"]
[Result "1/2-1/2"]
[Round "5"]
[TimeControl "180+1"]
[Date "2023.08.15"]
[WhiteClock "0:00:06"]
[BlackClock "0:00:05"]
[Board "169"]

1. d4 d5 2. Bg5 a6 3. Nf3 h6 4. Bh4 c6 5. e3 Bf5 6. c4 Nd7 7. Nc3 Ngf6 8. Qb3 e6 9. cxd5 cxd5 10. Be2 b5 11. O-O Bd6 12. a4 b4 13. Na2 a5 14. Bb5 O-O 15. Rac1 g5 16. Bg3 Bxg3 17. hxg3 Rc8 18. Rxc8 Qxc8 19. Rc1 Qb8 20. Rc6 Rc8 21. Qd1 Rxc6 22. Bxc6 Qc7 23. Qc1 Bd3 24. Nd2 Ba6 25. Bxd7 Qxd7 26. b3 Qd6 27. Qc2 Nd7 28. Nc1 Kf8 29. Nd3 Ke7 30. Nf3 Bxd3 31. Qxd3 Qc6 32. Kf1 g4 33. Nd2 f5 34. Ke2 Nf6 35. f3 Qc7 36. fxg4 Nxg4 37. Nf1 Nf6 38. Kd2 Ne4+ 39. Ke2 Nc3+ 40. Kf2 Ne4+ 41. Ke2 Nxg3+ 42. Nxg3 Qxg3 43. Kf1 Qc7 44. Qb5 Qc1+ 45. Kf2 Qc2+ 46. Kf3 Qxb3 47. Qc5+ Kf7 48. Qxa5 Qd1+ 49. Kf2 Qc2+ 50. Kf3 b3 51. Qa7+ Kf6 52. Qb8 Qe4+ 53. Kf2 Qc2+ 54. Kf3 Qd1+ 55. Kf2 Kf7 56. Qc7+ Kg6 57. Qd8 b2 58. Qg8+ Kh5 59. Qf7+ Kg5 60. Qg7+ Kh5 61. Qf7+ Kh4 62. Qf6+ Kh5 63. Qf7+ 1/2-1/2


[Site "https://www.chess.com"]

[Event "Titled Tuesday Blitz August 15 Early 2023"]
[White "Levitan, Caleb Levi"]
[Black "Mackster23"]
[WhiteFideId "14332620"]
[WhiteElo "2284"]
[BlackElo "2476"]
[Result "0-1"]
[Round "5"]
[TimeControl "180+1"]
[Date "2023.08.15"]
[WhiteClock "0:00:24"]
[BlackClock "0:00:22"]
[Board "170"]

1. e4 c5 2. Nf3 e6 3. d4 cxd4 4. Nxd4 Nc6 5. Nc3 Qc7 6. Nxc6 bxc6 7. Bd3 d5 8. O-O Bd6 9. f4 Ne7 10. Kh1 O-O 11. Qe2 Rb8 12. b3 Bd7 13. e5 Bb4 14. Bb2 c5 15. Nd1 g6 16. Ne3 h5 17. Qf2 d4 18. Nc4 Bc6 19. Qh4 Nf5 20. Bxf5 exf5 21. Qf6 Be4 22. e6 fxe6 23. Qxg6+ Qg7 24. Qxe6+ Kh8 25. Ne5 Qxg2# 0-1


[Site "https://www.chess.com"]

[Event "Titled Tuesday Blitz August 15 Early 2023"]
[White "Barwinska, Ewa"]
[Black "Tomaszewski, Kacper"]
[WhiteFideId "21833761"]
[BlackFideId "1127373"]
[WhiteElo "2282"]
[BlackElo "2476"]
[Result "0-1"]
[Round "5"]
[TimeControl "180+1"]
[Date "2023.08.15"]
[WhiteClock "0:00:01"]
[BlackClock "0:00:05"]
[Board "171"]

1. e4 d5 2. exd5 Qxd5 3. Nc3 Qd6 4. d4 Nf6 5. h3 Nc6 6. Nb5 Qd7 7. Bf4 Nd5 8. Bg3 a6 9. Nc3 Nxc3 10. bxc3 e6 11. Nf3 Bd6 12. Bxd6 cxd6 13. Bd3 Ne7 14. O-O Ng6 15. Qd2 Qe7 16. Rfe1 Bd7 17. Be4 Rb8 18. Rab1 b6 19. c4 O-O 20. Qb4 Rfc8 21. Bxg6 hxg6 22. Ne5 Be8 23. d5 Qc7 24. Ng4 e5 25. Ne3 Qc5 26. Qd2 f5 27. Rb3 Ba4 28. Rc3 b5 29. Nd1 bxc4 30. Qg5 Be8 31. h4 Qxd5 32. h5 Qf7 33. hxg6 Qxg6 34. Qd2 Qf6 35. Rg3 Bf7 36. Nc3 Rd8 37. Nd5 Bxd5 38. Qxd5+ Qf7 39. Qd2 d5 40. c3 e4 41. Qd4 Rd6 42. Qe5 Rbd8 43. Ree3 Re6 44. Qf4 Rg6 45. Rxg6 Qxg6 46. Rg3 Qf6 47. Qc7 Rf8 48. Qf4 Qxc3 49. Qh6 Qa1+ 50. Kh2 Qf6 51. Qf4 Kf7 52. Qd2 Qh6+ 53. Kg1 Qxd2 0-1


[Site "https://www.chess.com"]

[Event "Titled Tuesday Blitz August 15 Early 2023"]
[White "Gurevich, Dmitry"]
[Black "AndresDelgado77"]
[WhiteFideId "2000407"]
[WhiteElo "2473"]
[BlackElo "2267"]
[Result "1-0"]
[Round "5"]
[TimeControl "180+1"]
[Date "2023.08.15"]
[WhiteClock "0:00:56"]
[BlackClock "0:00:00"]
[Board "172"]

1. d4 Nf6 2. c4 e6 3. Nc3 d5 4. Nf3 h6 5. g3 Bd6 6. Bg2 O-O 7. O-O Nc6 8. c5 Be7 9. a3 a5 10. Bf4 b6 11. cxb6 cxb6 12. Rc1 Bd7 13. Nb5 Rc8 14. Qb3 Ne4 15. Rfd1 a4 16. Qd3 Na5 17. Bc7 Qe8 18. Na7 Ra8 19. Bxb6 Nc4 20. Rxc4 Bb5 21. Nxb5 Qxb5 22. Rb4 Qxd3 23. exd3 Bxb4 24. dxe4 Be7 25. Ne5 Rab8 26. Nd7 Rb7 27. Nxf8 Rxb6 28. Nd7 dxe4 29. Nxb6 1-0


[Site "https://www.chess.com"]